 Dungeon Crawl Stone Soup version 0.28-a0-771-g91a516d0e7 (webtiles) character file.

Game seed: 14314785836269240184

525 slnbv the Vexing (level 7, -13/32 HPs)
             Began as a Spriggan Enchanter on Nov 1, 2021.
             Mangled by a mummy (18 damage)
             ... on level 4 of the Dungeon.
             The game lasted 00:14:12 (7827 turns).

slnbv the Vexing (Spriggan Enchanter)               Turns: 7827, Time: 00:14:13

Health: -13/32     AC:  4    Str:  6    XL:     7   Next: 2%
Magic:  17/17      EV: 17    Int: 17    God:
Gold:   437        SH:  0    Dex: 15    Spells: 11/19 levels left

rFire   . . .      SeeInvis +   a - +1 dagger
rCold   . . .      Faith    .   (shield restricted)
rNeg    . . .      Spirit   .   b - +1 robe
rPois   +          Reflect  .   (helmet restricted)
rElec   .          Harm     .   l - +0 cloak
rCorr   .          Rampage  +   (gloves unavailable)
Will    +....                   (boots unavailable)
Stlth   ++++......              o - amulet "Ponisokkor" {RegenMP Rampage Drain rPois Stlth+}
HPRegen 0.10/turn               f - ring of flight
MPRegen 0.40/turn               (no ring)

@: flying, very quick
A: very small, no large weapons, unfitting armour, see invisible, speed 3
a: no special abilities


You were on level 4 of the Dungeon.
You visited 1 branch of the dungeon, and saw 4 of its levels.
You also visited: Ossuary.

You collected 437 gold pieces.

Inventory:

Hand Weapons
 a - a +1 dagger (weapon)
Missiles
 d - 20 poisoned darts (quivered)
Armour
 b - a +1 robe (worn)
 l - a +0 cloak (worn)
Jewellery
 f - a ring of flight (left hand)
 o - the amulet "Ponisokkor" (around neck) {RegenMP Rampage Drain rPois Stlth+}
   (You acquired it in an ossuary)

   [amulet of magic regeneration]

   It increases your rate of magic regeneration.
   rPois:     It protects you from poison.
   Drain:     It drains your maximum health when unequipped.
   Rampage:   It bestows one free step when moving towards enemies.
   Stlth:     It makes you more stealthy.
Scrolls
 g - a scroll of immolation
 k - 3 scrolls of amnesia
 m - a scroll of teleportation
 n - a scroll of magic mapping
Potions
 c - a potion of invisibility
 e - 4 potions of curing
 h - 2 potions of degeneration {unknown}
 i - 2 potions of flight
 j - a potion of brilliance


   Skills:
 - Level 1.1 Short Blades
 - Level 2.6 Dodging
 + Level 5.7 Stealth
 + Level 6.5 Spellcasting
 + Level 7.0 Hexes


You had 11 spell levels left.
You knew the following spells:

 Your Spells              Type           Power      Damage    Failure   Level
a - Ensorcelled Hibernat  Hex/Ice        34%        N/A       4%          2
b - Tukima's Dance        Hex            29%        N/A       1%          3
c - Dazzling Flash        Conj/Hex       34%        N/A       9%          3

Your spell library contained the following spells:

 Spells                   Type           Power      Damage    Failure   Level
 Confusing Touch          Hex            29%        N/A       1%          3
 Corpse Rot               Necr/Air       10%        N/A       19%         2
 Poisonous Vapours        Pois/Air       10%        N/A       19%         2
 Chain Lightning          Conj/Air       2%         3d3       100%        9
 Fire Storm               Conj/Fire      2%         8d1       100%        9
 Shatter                  Erth           2%         3d6*      100%        9


Dungeon Overview and Level Annotations

Branches:
Dungeon (4/15)            Ossuary (visited)
 Temple: D:4-7

Altars:
Fedhas
Gozag

Shops:
D:1 :

Annotations:
D:3 Pargi


Innate Abilities, Weirdness & Mutations

You are very small and have problems with some larger weapons.
You are too small for most types of armour.
You have supernaturally acute eyesight. (SInv)
You cover ground extremely quickly. (Speed+++)


Message History

The mummy is moderately damaged.
The mummy barely misses you.
You hit the mummy.
The mummy is heavily damaged.
The mummy closely misses you.
You barely miss the mummy.
The mummy is heavily damaged.
You hit the mummy.
The mummy is heavily damaged.
The mummy barely misses you.
You closely miss the mummy.
The mummy is heavily damaged.
You hit the mummy.
The mummy is severely damaged.
The mummy misses you.
You hit the mummy but do no damage.
The mummy is severely damaged.
You hit the mummy.
The mummy is severely damaged.
The mummy hits you.
You hit the mummy.
The mummy is almost destroyed.
You hit the mummy but do no damage.
The mummy is almost destroyed.
The mummy hits you!
* * * LOW HITPOINT WARNING * * *
You are too injured to fight recklessly!
You are too injured to fight recklessly!
You are too injured to fight recklessly!
You are too injured to fight recklessly!
You are too injured to fight recklessly!
You are too injured to fight recklessly!
You are too injured to fight recklessly!
You are too injured to fight recklessly!
Unknown command.
You hit the mummy but do no damage.
The mummy is almost destroyed.
The mummy hits you!!
Ouch! That really hurt!
You die...

.#.#.#.........#..#.#,*
.#.#.#.#######.#..#.#,*
.#.#..........<#..#<#,*
.#.#.#########.#....#,*
.#.#...........#....#,*
.#.####..#######....#,*
_#....♣P.)♣.........#,*
.###..♣)))♣......#.##,*
...'.♣♣≈≈♣♣♣....@#.#*,*
####.♣♣♣≈♣ ♣♣...M#.#*,*
..♣♣♣♣♣≈≈♣♣♣♣♣♣....#*,*
..PP≈♣≈≈≈≈≈♣♣.≈....#*,*
...≈≈≈≈.≈≈≈≈.≈.....#*,*
##P♣P♣≈≈≈≈≈≈♣P≈....#*,*
#*♣♣♣♣♣P.P♣♣♣♣♣....#*,*
# ♣♣.≈♣..♣.....#*,* #
****♣≈≈P♣♣.......#*,*


You could see a mummy.

Vanquished Creatures
  Sigmund (D:3)
  A hound (D:3)
  An orc priest (D:4)
  2 orc wizards (D:3)
  A mummy (Ossuary)
  4 adders
  An adder skeleton (D:4)
  2 dart slugs (D:1)
  8 orcs (D:4)
  3 spectral bats (Ossuary)
  9 ball pythons
  2 bats (D:3)
  6 endoplasms
  2 giant cockroaches
  5 goblins
  3 hobgoblins (D:2)
  4 jackals (D:1)
  2 quokkas (D:1)
  3 bat simulacra (Ossuary)
  3 frilled lizards
  12 gnoll zombies (Ossuary)
  2 goblin simulacra (Ossuary)
  2 goblin zombies (Ossuary)
  4 hobgoblin zombies (Ossuary)
  5 kobolds
  3 kobold simulacra (Ossuary)
  8 kobold zombies (Ossuary)
  4 orc zombies (Ossuary)
  5 rats
  5 rat simulacra (Ossuary)
  2 spectral goblins (Ossuary)
  2 spectral kobolds (Ossuary)
  4 spectral rats (Ossuary)
121 creatures vanquished.

Vanquished Creatures (collateral kills)
  An ogre (D:4)
  An orc (D:3)
  A hobgoblin (D:2)
  A kobold (D:4)
4 creatures vanquished.

Vanquished Creatures (others)
  A dancing weapon (D:3)
  5 plants (D:4)
6 creatures vanquished.

Grand Total: 131 creatures vanquished

Notes
Turn   | Place    | Note
-------+----------+-------------------------------------------
     0 | D:1      | slnbv the Spriggan Enchanter began the quest for the Orb.
     0 | D:1      | Reached XP level 1. HP: 9/9 MP: 5/5
   444 | D:2      | Found a faded altar of an unknown god.
   557 | D:1      | Reached skill level 4 in Hexes
   575 | D:1      | Reached XP level 2. HP: 2/13 MP: 7/7
   578 | D:1      | Learned a level 2 spell: Ensorcelled Hibernation
   919 | D:1      | Found Waeciask's Book Shoppe.
  1811 | D:1      | Reached XP level 3. HP: 16/16 MP: 9/9
  1815 | D:1      | Learned a level 3 spell: Tukima's Dance
  1819 | D:1      | Learned a level 3 spell: Dazzling Flash
  2743 | D:3      | Noticed Pargi
  2930 | D:3      | Reached skill level 5 in Hexes
  2930 | D:3      | Reached XP level 4. HP: 21/21 MP: 6/11
  3464 | D:3      | Noticed Sigmund
  3473 | D:3      | Killed Sigmund
  3474 | D:3      | Reached skill level 5 in Spellcasting
  3474 | D:3      | Reached skill level 6 in Hexes
  3474 | D:3      | Reached XP level 5. HP: 24/24 MP: 8/14
  3474 | D:3      | Reached XP level 6. HP: 28/28 MP: 8/15
  3481 | D:3      | Found an opulent altar of Gozag.
  5059 | D:4      | Found a blossoming altar of Fedhas.
  5290 | D:4      | Found a sand-covered staircase.
  5334 | Ossuary  | Entered an ossuary
  6505 | Ossuary  | Identified 2 scrolls of acquirement
  6505 | Ossuary  | Acquired the amulet "Ponisokkor" {RegenMP Rampage Drain
                  | rPois Stlth+}
  6512 | Ossuary  | Acquired 311 gold pieces
  7060 | D:4      | Reached skill level 5 in Stealth
  7633 | D:3      | Reached skill level 7 in Hexes
  7633 | D:3      | Reached XP level 7. HP: 15/32 MP: 15/17
  7827 | D:4      | Mangled by a mummy

Illustrated notes

Levels and vault maps discovered:
D:1:      dpeg_arrival_long_road, layout_basic, serial_shops,
          nicolae_shop_behind_doors, minmay_misc_feat_cross
D:2:      layout_rooms, dreamdust_ecumenical_altar_statues, grunt_ministairs_7,
          st_stairs_11, serial_park_tiny_2
D:3:      layout_loops_corners, lemuel_doored_altar, uniq_pargi, uniq_sigmund
D:4:      layout_basic, overflow_temple_1_default, nicolae_ossuary_entry_giza,
          serial_bayou_crossing

Skill      XL: |  1  2  3  4  5  6 |
---------------+-------------------+-----
Spellcasting   | 3 4 5 6 |  6.5
Hexes          | 4 5 6 7 |  7.0
Stealth        | 5 |  5.7
Short Blades   | |  1.1
Dodging        | |  2.6

Action                   |  1- 3 |  4- 6 |  7- 9 || total
-------------------------+-------+-------+-------++-------
Melee: Dagger            |   129 |   426 |    23 ||   578
Throw: Dart              |     1 |       |       ||     1
 Cast: Ensorcelled Hiber |    20 |    36 |       ||    56
       Tukima's Dance    |     2 |     4 |       ||     6
       Dazzling Flash    |       |     4 |       ||     4
  Use: Scroll            |     5 |     6 |       ||    11
       Potion            |     1 |     3 |       ||     4
 Stab: Sleeping          |    20 |    29 |       ||    49
       Distracted        |       |     5 |       ||     5
Armor: Robe              |    13 |   102 |       ||   115
       Skin              |       |     3 |       ||     3
Dodge: Dodged            |   118 |   404 |     9 ||   531

Table legend: (Time is in decaauts)
 A = Elapsed time spent in this place.
 B = Non-inter-level travel time spent in this place.
 C = Inter-level travel time spent in this place.
 D = Time resting spent in this place.
 E = Time spent auto-exploring this place.
 F = Levels seen in this place.
 G = Mean time per level.
                   A        B        C        D        E       F      G
               +--------+--------+--------+--------+--------+-----+--------+
         Total |   6506 |   6466 |     40 |   2689 |   2369 |   5 | 1301.2 |
       Dungeon |   5216 |   5176 |     40 |   1964 |   2218 |   4 | 1304.0 |
       Ossuary |   1290 |   1290 |      0 |    724 |    150 |   1 | 1290.0 |
               +--------+--------+--------+--------+--------+-----+--------+

Top non-repeatable levels by time:
     D:3: 1650 daAuts
     D:2: 1348 daAuts
 Ossuary: 1290 daAuts
     D:1: 1233 daAuts
     D:4: 985 daAuts
